Map: Dämmertürme

Players

Aegalos - Winner!

  • Race: Protoss Protoss
  • League: Silver

K.I.-1 (Hart)

  • Race: Zerg Zerg

VOD

Have the link to the VOD?

Description

Time

  • Played on: March 12, 2016, 10:16 a.m.
  • Length: 7:29
Show
View Real Time Build Order
Export as new Build Order

Aegalos Protoss - Winner!

Build Orders:  

Get SALT Encoding   

  12  0:01  Probe (Chrono Boost)  
  13  0:11  Probe (Chrono Boost)  
  14  0:18  Pylon  
  14  0:22  Probe (Chrono Boost)  
  15  0:36  Probe (Chrono Boost)  
  15  0:39  Gateway  
  16  0:49  Probe (Chrono Boost)  
  17  0:58  Assimilator  
  17  1:02  Gateway  
  17  1:08  Pylon  
  17  1:09  Probe (Chrono Boost)  
  18  1:21  Probe (Chrono Boost)  
  19  1:32  Cybernetics Core  
  19  1:34  Probe (Chrono Boost)  
  20  1:41  Zealot  
  22  1:47  Probe (Chrono Boost)  
  22  1:51  Zealot  
  25  1:59  Probe (Chrono Boost)  
  26  2:13  Zealot  
  28  2:25  Pylon  
  28  2:27  Warp Gate (Chrono Boost)  
  28  2:32  Zealot  
  30  2:45  Gateway  
  30  2:46  Gateway  
  30  2:52  Zealot  
  32  3:10  Zealot  
  34  3:14  Mothership Core  
  36  3:23  Assimilator  
  36  3:29  Zealot  
  38  3:38  Pylon  
  38  4:01  Gateway  
  38  4:22  Stalker  
  38  4:23  Stalker x3  
  34  4:54  Stalker x2  
  34  4:56  Zealot x2  
  38  5:23  Stalker  
  38  5:25  Zealot x4  
  44  5:48  Pylon  
  42  5:58  Pylon  
  42  5:59  Stalker x2  
  46  6:22  Stalker  
  46  6:23  Stalker  
  46  6:24  Zealot x3  
  56  6:59  Stalker  
  56  7:01  Zealot x2  
Show
View Real Time Build Order
Export as new Build Order

K.I.-1 (Hart) Zerg 

Build Orders: Pool First 

Get SALT Encoding   

  12  0:00  Drone  
  13  0:12  Overlord  
  13  0:17  Drone  
  14  0:30  Drone x2  
  16  0:42  Spawning Pool  
  15  0:44  Drone  
  15  0:48  Drone  
  17  0:52  Extractor  
  17  0:55  Drone  
  17  1:06  Overlord  
  17  1:29  Queen  
  17  1:31  Zergling x2  
  20  1:34  Zergling x2  
  20  1:36  Roach Warren  
  20  1:38  Drone  
  21  1:49  Drone  
  22  1:59  Overlord  
  22  2:10  Drone  
  23  2:21  Roach  
  25  2:32  Drone  
  25  2:35  Roach, Drone, Extractor  
  28  2:38  Roach  
  28  2:43  Overlord  
  30  2:50  Baneling Nest  
  29  2:54  Drone  
  29  2:56  Evolution Chamber  
  29  3:05  Drone  
  30  3:07  Drone x2  
  30  3:08  Roach  
  34  3:17  Roach  
  36  3:27  Drone  
  37  3:39  Roach, Drone x2  
  40  3:49  Zergling x2  
  41  4:00  Drone  
  42  4:06  Zerg Melee Weapons Level 1  
  42  4:10  Lair  
  42  4:11  Overlord  
  41  4:44  Zergling x2  
  41  4:48  Zergling x8, Overlord  
  45  4:59  Hatchery  
  39  5:07  Queen  
  37  5:15  Zergling x2  
  37  5:19  Zergling x2  
  37  5:20  Drone, Zergling x2  
  37  5:25  Zergling x2  
  30  5:32  Zergling x2  
  22  5:38  Zergling x2  
  21  5:49  Zergling x2  
  19  5:53  Queen  
  16  5:59  Hydralisk Den  
  16  6:00  Drone  
  14  6:10  Drone x2  
  12  6:21  Drone  
  8  6:28  Drone  
  3  6:43  Drone x2  
  4  7:00  Drone  
Tags
 
Add a new tag
Caveats
  • Supply blocks, unpowered buildings, or Contaminate may cause inaccurate times.
  • Supply counts are checked every 10 seconds.